Map: Beckett Industries LE

Players

SKillous

  • Race: Protoss Protoss

MaxPax - Winner!

  • Race: Protoss Protoss

Event: DreamHack SC2 Masters 2021 Fall

VOD

Have the link to the VOD?

Description

Time

  • Played on: Aug. 13, 2021, 10:31 a.m.
  • Length: 10:16

All games in this series

Show
View Real Time Build Order
Export as new Build Order

SKillous Protoss 

Build Orders:  

Get SALT Encoding   

  12  0:00  Probe  
  13  0:12  Probe  
  14  0:17  Pylon  
  14  0:24  Probe  
  15  0:35  Gateway  
  15  0:36  Probe (Chrono Boost)  
  16  0:46  Assimilator, Probe (Chrono Boost)  
  17  0:51  Probe (Chrono Boost)  
  17  0:56  Assimilator  
  18  1:03  Probe (Chrono Boost)  
  19  1:08  Gateway  
  19  1:13  Probe (Chrono Boost)  
  19  1:18  Probe (Chrono Boost)  
  21  1:26  Cybernetics Core  
  21  1:30  Probe  
  22  1:37  Pylon  
  22  1:42  Probe  
  23  1:47  Pylon  
  24  2:02  Stalker  
  24  2:05  Stalker  
  27  2:15  Warp Gate  
  27  2:18  Cybernetics Core  
  27  2:32  Stalker  
  29  2:39  Stalker  
  29  2:42  Pylon  
  31  2:57  Probe  
  29  3:07  Stalker  
  29  3:09  Probe  
  32  3:15  Shield Battery  
  32  3:20  Shield Battery  
  32  3:21  Probe  
  33  3:40  Nexus  
  32  3:44  Probe (Chrono Boost)  
  33  3:51  Pylon  
  33  3:57  Probe (Chrono Boost)  
  34  4:05  Probe (Chrono Boost)  
  35  4:14  Probe (Chrono Boost)  
  36  4:18  Twilight Council  
  37  4:25  Probe (Chrono Boost)  
  37  4:29  Sentry x2  
  37  4:30  Probe (Chrono Boost)  
  42  4:41  Probe  
  43  4:52  Stalker  
  43  4:53  Stalker, Probe  
  43  4:59  Shield Battery  
  48  5:06  Probe  
  47  5:07  Probe  
  46  5:16  Stalker x2  
  46  5:19  Probe  
  51  5:23  Probe (Chrono Boost)  
  51  5:26  Blink (Chrono Boost)  
  53  5:40  Probe (Chrono Boost)  
  53  5:42  Probe (Chrono Boost)  
  54  5:43  Pylon  
  54  5:46  Robotics Facility  
  54  6:00  Gateway  
  54  6:01  Probe x2 (Chrono Boost)  
  54  6:04  Gateway  
  58  6:11  Probe (Chrono Boost)  
  58  6:12  Forge, Probe (Chrono Boost)  
  58  6:16  Probe (Chrono Boost)  
  58  6:17  Assimilator, Probe (Chrono Boost)  
  60  6:26  Pylon  
  60  6:27  Probe  
  61  6:34  Observer  
  62  6:44  Protoss Ground Weapons Level 1 (Chrono Boost), Nexus  
  62  6:46  Pylon  
  62  6:50  Pylon  
  62  6:54  Stalker  
  64  6:55  Stalker  
  65  7:02  Pylon  
  65  7:10  Stalker x2  
  69  7:16  Gateway  
  69  7:17  Gateway  
  69  7:18  Stalker x2  
  69  7:22  Pylon  
  73  7:33  Stalker x2  
  77  7:41  Stalker x2  
  63  7:57  Stalker x2  
  61  8:06  Gateway  
  61  8:08  Stalker x2  
  63  8:18  Stalker x2  
  67  8:24  Stalker x2  
  70  8:30  Observer  
  70  8:34  Stalker x2  
  74  8:42  Stalker x2  
  74  8:44  Pylon  
  74  8:47  Stalker x2  
  82  8:55  Observer  
  81  9:05  Stalker x4  
  85  9:14  Stalker  
  83  9:25  Stalker x2  
  84  9:43  Stalker  
  84  9:54  Stalker x2  
  84  9:58  Zealot  
  79  10:01  Zealot  
  79  10:05  Zealot  
Show
View Real Time Build Order
Export as new Build Order

MaxPax Protoss - Winner!

Build Orders: Oracle Opening 

Get SALT Encoding   

  12  0:00  Probe  
  13  0:12  Probe  
  14  0:19  Pylon  
  14  0:24  Probe  
  15  0:37  Probe (Chrono Boost)  
  15  0:39  Gateway  
  16  0:47  Assimilator, Probe (Chrono Boost)  
  17  0:51  Probe (Chrono Boost)  
  18  1:03  Probe  
  19  1:05  Assimilator  
  19  1:07  Pylon  
  19  1:15  Probe (Chrono Boost)  
  21  1:25  Probe (Chrono Boost)  
  21  1:28  Cybernetics Core  
  21  1:30  Probe (Chrono Boost)  
  22  1:32  Zealot  
  24  1:42  Probe  
  26  1:54  Probe  
  26  2:05  Adept (Chrono Boost), Stargate  
  26  2:06  Probe  
  29  2:13  Pylon  
  29  2:18  Probe  
  29  2:19  Pylon  
  30  2:23  Warp Gate  
  30  2:31  Stalker  
  30  2:33  Probe  
  33  2:45  Probe  
  33  2:47  Cybernetics Core  
  33  2:56  Oracle (Chrono Boost)  
  36  3:15  Shield Battery  
  36  3:23  Nexus  
  36  3:30  Void Ray  
  36  3:39  Pylon  
  38  3:49  Probe  
  39  3:57  Stalker  
  39  3:59  Shield Battery  
  41  4:05  Void Ray (Chrono Boost)  
  41  4:14  Probe  
  46  4:27  Probe  
  46  4:28  Gateway  
  47  4:36  Twilight Council  
  47  4:38  Probe  
  48  4:39  Probe  
  49  4:50  Stalker, Probe  
  49  4:51  Probe  
  53  5:02  Probe  
  53  5:05  Probe  
  55  5:11  Blink (Chrono Boost)  
  55  5:14  Probe  
  55  5:19  Probe  
  57  5:26  Probe  
  57  5:27  Stalker x2  
  62  5:34  Pylon  
  62  5:36  Forge, Assimilator  
  62  5:42  Gateway  
  62  5:43  Gateway  
  62  5:52  Probe x2  
  64  6:02  Sentry  
  64  6:03  Nexus  
  68  6:04  Probe x2  
  68  6:06  Stalker  
  68  6:08  Protoss Ground Weapons Level 1 (Chrono Boost)  
  70  6:17  Pylon  
  70  6:24  Pylon  
  70  6:35  Probe x2  
  70  6:38  Stalker x3  
  78  6:45  Stalker  
  80  6:47  Probe x2  
  80  6:52  Robotics Facility  
  82  6:59  Probe x2  
  84  7:11  Photon Cannon, Probe  
  84  7:12  Probe  
  84  7:14  Stalker x2  
  84  7:15  Stalker x2  
  94  7:16  Probe  
  95  7:24  Probe  
  95  7:28  Probe  
  97  7:32  Probe  
  97  7:33  Charge (Chrono Boost)  
  97  7:35  Gateway  
  97  7:36  Gateway, Probe  
  99  7:37  Gateway  
  99  7:40  Probe  
  94  7:44  Probe  
  94  7:48  Probe  
  94  7:49  Stalker x2  
  94  7:50  Stalker  
  92  7:52  Probe  
  92  7:57  Probe  
  88  8:00  Probe  
  86  8:06  Assimilator x2  
  86  8:08  Pylon  
  86  8:09  Pylon, Observer (Chrono Boost), Gateway  
  86  8:12  Photon Cannon  
  86  8:23  Zealot x3  
  92  8:27  Immortal (Chrono Boost)  
  92  8:32  Pylon  
  92  8:43  Shield Battery  
  92  8:45  Zealot x7  
  106  8:59  Immortal  
  106  9:09  Zealot x2  
  109  9:13  Pylon  
  109  9:15  Stalker x2  
  109  9:16  Pylon  
  103  9:24  Pylon x2, Stalker x3  
  103  9:26  Shield Battery  
  105  9:35  Photon Cannon  
  103  9:39  Sentry, Zealot  
  103  9:40  Sentry, Zealot x2  
  103  9:44  Observer  
  110  9:53  Stalker x3  
  94  10:07  Zealot x5  

Tags
 
Add a new tag
Caveats
  • Supply blocks, unpowered buildings, or Contaminate may cause inaccurate times.
  • Supply counts are checked every 10 seconds.